 Dungeon Crawl Stone Soup version 0.31-a0-177-g4aa6249778 (webtiles) character file.

Game seed: 14328745933091725792

186 qw the Shooter (level 5, 0/49 HPs)
             Began as a Naga Hunter on June 18, 2023.
             Slain by an orc
             ... wielding a +0 dagger
              (2 damage)
             ... on level 2 of the Dungeon.
             The game lasted 00:00:40 (1650 turns).

qw the Shooter (Naga Hunter)                        Turns: 1650, Time: 00:00:40

Health: 0/49       AC:  4    Str: 13    XL:     5   Next: 66%
Magic:  5/5        EV:  9    Int:  9    God:
Gold:   132        SH:  0    Dex: 17    Spells: 4/4 levels left

rFire   . . .        Y - +0 shortbow
rCold   . . .        (shield currently unavailable)
rNeg    . . .        c - +0 leather armour
rPois   +            (no helmet)
rElec   .            h - +0 cloak
rCorr   .            (no gloves)
SInv    +            (no barding)
Will    .....        (no amulet)
Stlth   ++           (no ring)
HPRegen 0.28/turn    (no ring)
MPRegen 0.09/turn

%: no passive effects
@: short of breath, very slow
A: AC +1, large, see invisible, deformed body, poison resistance, slowness 2,
spit poison 1, naga tail 1
a: Spit Poison


You were on level 2 of the Dungeon.
You visited 1 branch of the dungeon, and saw 3 of its levels.

You collected 132 gold pieces.


Innate Abilities, Weirdness & Mutations

Your serpentine skin is tough. (AC +1)
You have supernaturally acute eyesight. (SInv)
Armour fits poorly on your strangely shaped body.
Your system is resistant to poisons. (rPois)
You cover ground very slowly.
You can spit poison.
You have a snake-like lower body.


   Skills:
 - Level 3.0 Fighting
 + Level 5.7 Ranged Weapons
 - Level 1.5 Dodging
 - Level 1.5 Stealth


You had 4 spell levels left.
You didn't know any spells.
Your spell library was empty.

Inventory:

Hand Weapons
 Y - a +0 shortbow (weapon)
Armour
 c - a +0 leather armour (worn)
 h - a +0 cloak (worn)
Scrolls
 a - a scroll of identify

Dungeon Overview and Level Annotations

Branches:
Dungeon (3/15)

Altars:


Message History

You have got your breath back.
The orc wizard points at you and mumbles some strange words.
You are confused.
The orc barely misses you. x2
The orc wizard casts a spell at you.
You are more confused.
The orc hits you with a +0 whip. The orc hits you with a +0 dagger.
The orc wizard hits you with a +0 dagger.
The orc barely misses you. The orc hits you with a +0 dagger.
The orc wizard hits you with a +0 dagger.
The orc closely misses you. The orc hits you with a +0 dagger.
The orc wizard hits you with a +0 dagger.
The orc barely misses you. x2
The orc wizard barely misses you. The orc closely misses you.
The orc barely misses you.
The orc wizard hits you but does no damage.
The orc hits you with a +0 whip. The orc hits you with a +0 dagger.
The orc wizard barely misses you. The orc closely misses you.
The orc hits you with a +0 dagger. The orc wizard closely misses you.
The orc hits you with a +0 whip. The orc misses you.
The orc wizard mumbles some strange words.
The orc wizard flickers and vanishes for a moment.
The orc hits you with a +0 whip. The orc hits you with a +0 dagger.
The orc wizard points at you and mumbles some strange words.
The puff of flame hits you. The orc closely misses you.
The orc hits you but does no damage.
You feel less confused.
The orc wizard hits you with a +0 dagger.
The orc barely misses you. The orc hits you but does no damage.
1649 ||| INVOKING Spit Poison.
Aiming: Spit Poison (1% risk of failure)
Press: ? - help, Shift-Dir - straight line, f/p - orc wizard The splash of poison hits the orc wizard!
The orc wizard is poisoned.
You kill the orc wizard!
The orc hits you with a +0 dagger. The orc closely misses you.
You shoot an arrow. The arrow closely misses the orc.
The orc hits you with a +0 dagger.
You die...

#)#...#.## #.# ##.#..#.#
#.####.######.######.####.
#.# #...#.###...)##<# ##
#.####...##.#.#.....## #
#.........##.....###.## ##
#...##%)#.#####.## ##.###.
#.#.##..#.## #.# ##.#.#
###.#.##...).####.# ##.##
#..........@o.....#######.#
#.#.#.##....o.#####.......##
#.#.#(##............###.#...
#.#.#.###.(...########....##
#.#.#.#..............%....#
#.#.#.#.##..#####.####....#
#..#....##<.# #.........##
###.#.####..# #######.(...
#%...>....# ######


You could see 2 orcs.

Vanquished Creatures
  2 orc wizards
  Natasha (twice) (D:2)
  4 adders (D:2)
  A worm (D:2)
  A dart slug (D:1)
  An orc (D:3)
  7 ball pythons
  6 endoplasms
  2 giant cockroaches (D:1)
  2 goblins
  4 hobgoblins
  2 jackals (D:1)
  A quokka (D:1)
  5 bats
  2 frilled lizards (D:2)
  5 kobolds
  6 rats
53 creatures vanquished.

Notes
Turn   | Place    | Note
-------+----------+-------------------------------------------
     0 | D:1      | qw the Naga Hunter began the quest for the Orb.
     0 | D:1      | Reached XP level 1. HP: 19/19 MP: 1/1
     0 | D:1      | 0 ||| qw: Version: 0.3-a-7-g5d187d3
     0 | D:1      | 0 ||| qw: Game counter: 708
     0 | D:1      | 0 ||| qw: Always use a shield: true
     0 | D:1      | 0 ||| qw: God list: Okawaru
     0 | D:1      | 0 ||| qw: Allow faded altars: false
     0 | D:1      | 0 ||| qw: Do Orc after D:15 true
     0 | D:1      | 0 ||| qw: Do second Lair branch before Depths: true
     0 | D:1      | 0 ||| qw: Lair rune preference: random
     0 | D:1      | 0 ||| qw: Plans: Normal
     0 | D:1      | 0 ||| PLANNING D:1-11
   237 | D:1      | 237 ||| INVOKING Spit Poison.
   407 | D:1      | Reached skill level 4 in Ranged Weapons
   407 | D:1      | Reached XP level 2. HP: 26/26 MP: 2/2
   416 | D:1      | 416 ||| INVOKING Spit Poison.
   444 | D:1      | 444 ||| INVOKING Spit Poison.
   450 | D:1      | 450 ||| INVOKING Spit Poison.
   568 | D:1      | 568 ||| INVOKING Spit Poison.
   571 | D:1      | 571 ||| INVOKING Spit Poison.
   572 | D:1      | 572 ||| FLEEEEING.
   573 | D:1      | 573 ||| FLEEEEING.
   597 | D:1      | 597 ||| INVOKING Spit Poison.
   622 | D:1      | 622 ||| INVOKING Spit Poison.
   649 | D:1      | 649 ||| INVOKING Spit Poison.
   661 | D:1      | 661 ||| INVOKING Spit Poison.
   662 | D:1      | 662 ||| INVOKING Spit Poison.
   663 | D:1      | Reached XP level 3. HP: 32/32 MP: 3/3
   676 | D:1      | 676 ||| INVOKING Spit Poison.
   679 | D:1      | 679 ||| INVOKING Spit Poison.
   908 | D:1      | 908 ||| INVOKING Spit Poison.
   913 | D:1      | 913 ||| UPGRADING to +0 cloak.
   918 | D:1      | 918 ||| READING scroll labelled COUHEK ULAYREB.
   919 | D:1      | 919 ||| READING scroll labelled ASUZIH KESKEMA.
   920 | D:1      | 920 ||| DRINKING 2 green potions.
   921 | D:1      | 921 ||| DRINKING 2 sedimented silvery potions.
   922 | D:1      | 922 ||| DROPPING scroll of butterflies.
   923 | D:1      | 923 ||| DROPPING potion of attraction.
   924 | D:1      | 924 ||| DROPPING potion of degeneration.
   946 | D:2      | 946 ||| INVOKING Spit Poison.
   974 | D:2      | 974 ||| INVOKING Spit Poison.
   979 | D:2      | 979 ||| INVOKING Spit Poison.
  1003 | D:2      | 1003 ||| INVOKING Spit Poison.
  1028 | D:2      | 1028 ||| INVOKING Spit Poison.
  1035 | D:2      | 1035 ||| INVOKING Spit Poison.
  1070 | D:2      | 1070 ||| INVOKING Spit Poison.
  1092 | D:2      | 1092 ||| INVOKING Spit Poison.
  1097 | D:2      | 1097 ||| INVOKING Spit Poison.
  1115 | D:2      | Noticed Natasha
  1117 | D:2      | 1117 ||| INVOKING Spit Poison.
  1121 | D:2      | 1121 ||| INVOKING Spit Poison.
  1125 | D:2      | 1125 ||| INVOKING Spit Poison.
  1125 | D:2      | Killed Natasha
  1126 | D:2      | Reached skill level 5 in Ranged Weapons
  1126 | D:2      | Reached XP level 4. HP: 12/39 MP: 4/4
  1142 | D:2      | 1142 ||| INVOKING Spit Poison.
  1242 | D:2      | 1242 ||| INVOKING Spit Poison.
  1289 | D:2      | 1289 ||| INVOKING Spit Poison.
  1348 | D:2      | Noticed Natasha
  1349 | D:2      | 1349 ||| INVOKING Spit Poison.
  1357 | D:2      | 1357 ||| INVOKING Spit Poison.
  1361 | D:2      | Killed Natasha
  1400 | D:2      | 1400 ||| INVOKING Spit Poison.
  1403 | D:2      | Reached skill level 3 in Fighting
  1457 | D:2      | 1457 ||| INVOKING Spit Poison.
  1472 | D:2      | 1472 ||| INVOKING Spit Poison.
  1493 | D:2      | 1493 ||| INVOKING Spit Poison.
  1494 | D:2      | Reached XP level 5. HP: 49/49 MP: 5/5
  1580 | D:2      | 1580 ||| INVOKING Spit Poison.
  1590 | D:2      | 1590 ||| READING 2 scrolls labelled XORALE FOANAI.
  1591 | D:2      | 1591 ||| READING scroll labelled QIRATU PAEM.
  1592 | D:2      | 1592 ||| READING scroll labelled CIPPOB FAMAGRA.
  1593 | D:2      | 1593 ||| READING scroll labelled HIEC MYVEKHLO.
  1594 | D:2      | 1594 ||| READING scroll labelled HUONWYNYIP.
  1623 | D:3      | 1623 ||| INVOKING Spit Poison.
  1630 | D:3      | 1630 ||| INVOKING Spit Poison.
  1633 | D:3      | 1633 ||| INVOKING Spit Poison.
  1635 | D:3      | 1635 ||| STAIRDANCE
  1646 | D:2      | HP: 12/49 [orc/+0 whip (3)]
  1647 | D:2      | HP: 5/49 [orc wizard/puff of flame (4)]
  1648 | D:2      | HP: 2/49 [orc wizard/+0 dagger (3)]
  1649 | D:2      | 1649 ||| INVOKING Spit Poison.
  1650 | D:2      | Slain by an orc

Levels and vault maps discovered:
D:1:      dpeg_arrival_short_road, layout_loops_corners, minivault_19,
          minmay_octomino_j4
D:2:      wad_pebble_path, layout_loops_ring, uniq_natasha
D:3:      layout_loops_cross, mainiacjoe_overflow_catwalk,
          mainiacjoe_overflow_paths, mainiacjoe_overflow_alcove_2,
          shapermc_ecumenical_altar_hornbeckon, hellmonk_ghost_happy_afterlife,
          uniq_terence, uniq_crazy_yiuf_cottage, uniq_sigmund

Skill      XL: |  1  2  3  4 |
---------------+-------------+-----
Ranged Weapons | 4 5 |  5.7
Fighting       | 3 |  3.0
Dodging        | |  1.5
Stealth        | |  1.5

Action                     |  1- 3 |  4- 6 || total
---------------------------+-------+-------++-------
   Fire: Shortbow          |    54 |    38 ||    92
Ability: Spit Poison       |    25 |    14 ||    39
    Use: Scroll            |     2 |     5 ||     7
         Potion            |     2 |       ||     2
 Armour: Leather armour    |     1 |     8 ||     9
  Dodge: Dodged            |    13 |    27 ||    40

Table legend:
 A = Non-vault XP
 B = Vault XP
 C = Vault XP percentage of total XP
 D = Non-vault monster count
 E = Vault monster count
 F = Vault count percentage of total count
                 A         B        C        D         E       F
            +---------+---------+-------+---------+---------+-------
      Total |     228 |      39 |  14.6 |      49 |       4 |   7.5
            +---------+---------+-------+---------+---------+-------
        D:1 |      34 |       6 |  15.0 |      18 |       3 |  14.3
        D:2 |     152 |      33 |  17.8 |      27 |       1 |   3.6
        D:3 |      42 |       0 |   0.0 |       4 |       0 |   0.0
            +---------+---------+-------+---------+---------+-------
